 Dungeon Sprint DCSS version 0.19.1 (webtiles) character file.

72 KingBobo974 the Slasher (level 4, -2/28 HPs)
             Began as a Tengu Berserker on Dec 15, 2016.
             Was a Priest of Trog.
             Slain by an unseen horror (6 damage)
             ... in the Dungeon (Sprint IX: "|||||||||||||||||||||||||||||").
             The game lasted 00:01:44 (224 turns).

KingBobo974 the Slasher (Tengu Berserker)            Turns: 224, Time: 00:01:45

Health: -2/28      AC: 10    Str: 18    XL:     4   Next: 26%
Magic:  5/5        EV: 15    Int:  8    God:    Trog [***...]
Gold:   0          SH:  0    Dex: 13    Spells: 0 memorised, 3 levels left

rFire  . . .     SeeInvis .     n - +2 scimitar (holy)
rCold  . . .     Gourm    .     o - +2 ring mail
rNeg   . . .     Faith    .     (no shield)
rPois  .         Spirit   .     (helmet restricted)
rElec  .         Reflect  .     (no cloak)
rCorr  .         Harm     .     (no gloves)
MR     .....     NoTele   +     (boots unavailable)
Stlth  +.........               (no amulet)
                                q - +2 ring of evasion
                                p - +2 ring of protection

@: no status effects
A: beak, talons 3
a: Berserk, Trog's Hand, Burn Spellbooks, Renounce Religion


You were in the Dungeon.
You worshipped Trog.
Trog was most pleased with you.
You were not hungry.

You visited 1 branch

Inventory:

Hand Weapons
 a - a +0 falchion
 m - the +2 morningstar of Gallantry {drain, rF+ rC- Str+2}
   (You found it in the Dungeon)

   A truly terrible weapon, it drains the life of those it strikes.
   It affects your strength (+2).
   It protects you from fire.
   It makes you vulnerable to cold.
 n - a +2 scimitar of holy wrath (weapon)
Armour
 b - a +0 animal skin
 o - a +2 ring mail (worn)
Jewellery
 p - a +2 ring of protection (left hand)
 q - a +2 ring of evasion (right hand)
Wands
 l - a wand of acid (7/15)
Scrolls
 i - 2 scrolls of blinking
 k - 3 scrolls of remove curse
Potions
 d - 5 potions of curing
 e - 3 potions of heal wounds
 f - a potion of haste
 g - 4 potions of magic
 h - a potion of berserk rage
 j - a potion of invisibility
Comestibles
 c - a bread ration


   Skills:
 - Level 3.0 Fighting
 * Level 6.0 Long Blades
 * Level 5.3 Armour
 * Level 5.4 Dodging


You had 3 spell levels left.
You didn't know any spells.

Dungeon Overview and Level Annotations

Branches:
Dungeon (1/1)

Altars:
Cheibriados
Dithmenos
Elyvilon
Fedhas
Gozag
Hepliaklqana
Kikubaaqudgha
Makhleb
Nemelex Xobeh
Okawaru
Qazlal
Ru
Sif Muna
Trog
Uskayaw
Vehumet
Xom
Yredelemnul
Zin
The Shining One
Beogh
Jiyva
Lugonu


Innate Abilities, Weirdness & Mutations

You have a beak for a mouth.
You have claws for feet.


Message History

Your Long Blades skill increases to level 6!
Your Armour skill increases to level 5!
Your Dodging skill increases to level 5!
You have reached level 4!
You feel clever. Something hits you!
Deactivating autopickup; reactivate with Ctrl-A.
The hound stops to sniff the ground.
The worker ant waves its antennae.
Something hits you.
You miss something. Your kick misses something. Your peck misses something.
Something hits you. x2
You hit something. You claw something. You peck something.
Something hits you but does no damage. Something barely misses you.
You slash something! Your kick misses something. You peck something.
Something hits you but does no damage.
You barely miss something. You claw something. Something hits you.
Something hits you!
* * * LOW HITPOINT WARNING * * *
Something hits you.
You die...

▓.▓
▓?▓
▓|▓
▓)▓
▓[▓
▓[▓
▓.▓
▓.▓
▓@▓
▓'▓
▓a▓
▓l▓
▓h▓
▓F▓
▓.▓
▓.▓


You could see a bullfrog, a hound, a worker ant and a leopard gecko.

Vanquished Creatures
  A crimson imp (D)
  A worker ant (D)
  An adder zombie (D)
  2 orcs (D)
  A ball python (D)
  A bat zombie (D)
  A giant cockroach (D)
  A goblin (D)
  A bat (D)
  A rat (D)
11 creatures vanquished.

Notes
Turn   | Place    | Note
-------+----------+-------------------------------------------
     0 | D        | KingBobo974 the Tengu Berserker began the quest for the Orb.
     0 | D        | Reached XP level 1. HP: 14/14 MP: 2/2
     8 | D        | Reached ** piety under Trog
    12 | D        | Reached skill level 4 in Long Blades
    50 | D        | Noticed a crimson imp
    54 | D        | Reached XP level 2. HP: 19/19 MP: 3/3
    55 | D        | Reached *** piety under Trog
    64 | D        | Killed a crimson imp
    64 | D        | Reached skill level 5 in Long Blades
    64 | D        | Reached XP level 3. HP: 23/23 MP: 4/4
    69 | D        | Received a gift from Trog
   159 | D        | Found a roughly hewn altar of Beogh.
   159 | D        | Found a snail-covered altar of Cheibriados.
   159 | D        | Found a shadowy altar of Dithmenos.
   159 | D        | Found a white marble altar of Elyvilon.
   159 | D        | Found a blossoming altar of Fedhas.
   159 | D        | Found an opulent altar of Gozag.
   160 | D        | Found a hazy altar of Hepliaklqana.
   161 | D        | Found a viscous altar of Jiyva.
   162 | D        | Found an ancient bone altar of Kikubaaqudgha.
   163 | D        | Found a corrupted altar of Lugonu.
   164 | D        | Found a burning altar of Makhleb.
   165 | D        | Found a sparkling altar of Nemelex Xobeh.
   166 | D        | Found an iron altar of Okawaru.
   167 | D        | Found a stormy altar of Qazlal.
   168 | D        | Found a sacrificial altar of Ru.
   169 | D        | Found a deep blue altar of Sif Muna.
   170 | D        | Found a bloodstained altar of Trog.
   171 | D        | Found a hide-covered altar of Uskayaw.
   172 | D        | Found a radiant altar of Vehumet.
   173 | D        | Found a shimmering altar of Xom.
   174 | D        | Found a basalt altar of Yredelemnul.
   175 | D        | Found a glowing silver altar of Zin.
   176 | D        | Found a glowing golden altar of the Shining One.
   194 | D        | Got the +2 morningstar of Gallantry {drain, rF+ rC- Str+2}
   216 | D        | Noticed a bullfrog
   220 | D        | Reached skill level 6 in Long Blades
   220 | D        | Reached skill level 5 in Armour
   220 | D        | Reached skill level 5 in Dodging
   220 | D        | Reached XP level 4. HP: 27/28 MP: 5/5
   224 | D        | Slain by an unseen horror

Skill      XL: |  1  2  3 |
---------------+----------+-----
Dodging        | 3 4 5 |  5.4
Long Blades    | 4 5 6 |  6.0
Armour         | 3 4 5 |  5.3
Fighting       | |  3.0

Action                   |  1- 3 |  4- 6 || total
-------------------------+-------+-------++-------
Melee: Falchion          |    23 |       ||    23
       Kick              |    12 |     2 ||    14
       Scimitar          |     4 |     4 ||     8
       Peck              |     2 |     2 ||     4
Invok: Berserk           |     1 |       ||     1
Armor: Animal skin       |     3 |       ||     3
       Ring mail         |     2 |     2 ||     4
Dodge: Dodged            |    23 |     1 ||    24
       Rpst.: Falchion   |     3 |       ||     3
